Map: Pillars of Gold LE

Players

AqueroN

  • Race: Terran Terran
  • League: Grandmaster
  • Spawn Location: 1:00

ShoWTimE - Winner!

  • Race: Protoss Protoss
  • League: Master
  • Spawn Location: 7:00

Event: DreamHack SC2 Masters 2020 Winter

VOD

Have the link to the VOD?

Description

Time

  • Played on: Oct. 23, 2020, 11:11 a.m.
  • Length: 9:10

All games in this series

Show
View Real Time Build Order
Export as new Build Order

AqueroN Terran 

Build Orders:  

Get SALT Encoding   

  12  0:00  SCV  
  13  0:12  SCV  
  14  0:17  Supply Depot  
  14  0:24  SCV  
  15  0:39  SCV  
  15  0:40  Barracks  
  16  0:46  Refinery  
  16  0:51  SCV  
  17  1:03  SCV  
  18  1:14  Engineering Bay  
  18  1:15  SCV  
  19  1:27  Marine  
  19  1:28  Orbital Command  
  20  1:36  Supply Depot  
  20  1:45  Marine  
  21  1:54  SCV  
  22  2:04  Factory  
  22  2:06  SCV  
  22  2:07  Barracks Reactor  
  23  2:11  Refinery  
  23  2:18  SCV  
  24  2:30  SCV  
  25  2:41  Command Center  
  25  2:42  SCV  
  26  2:49  Starport  
  26  2:58  Hellion  
  28  3:00  Hellion  
  30  3:08  Supply Depot  
  30  3:24  Barracks Tech Lab  
  30  3:25  SCV  
  31  3:30  Hellion x2  
  31  3:31  Medivac  
  37  3:38  SCV  
  38  3:42  Supply Depot  
  38  3:50  SCV  
  39  3:59  Cyclone, Marine x2  
  44  4:04  SCV  
  45  4:16  SCV, Orbital Command  
  46  4:17  Marine  
  46  4:18  Marine  
  48  4:28  SCV  
  49  4:31  Siege Tank  
  52  4:40  SCV  
  52  4:43  SCV  
  54  4:52  Marine x2, Barracks, SCV  
  57  4:55  SCV  
  56  5:03  Siege Tank  
  56  5:04  SCV, Starport Tech Lab  
  56  5:09  Marine  
  56  5:10  Marine  
  58  5:15  Engineering Bay  
  58  5:22  Raven  
  56  5:37  Marine x2  
  57  5:49  SCV x2  
  57  5:57  Barracks Tech Lab, Marine x2  
  57  5:58  Barracks  
  59  6:05  SCV x2  
  59  6:09  Starport Reactor  
  61  6:15  Supply Depot  
  61  6:16  Terran Infantry Weapons Level 1  
  61  6:24  Supply Depot, Stimpack  
  61  6:29  SCV  
  62  6:37  Siege Tank, SCV  
  62  6:39  Supply Depot  
  66  6:41  SCV  
  66  6:44  Marine x2  
  66  6:47  Barracks Reactor  
  69  6:49  SCV  
  69  6:53  SCV  
  71  6:57  Barracks  
  71  7:00  Marine  
  72  7:01  Marine  
  72  7:02  Marine  
  72  7:03  SCV  
  75  7:10  Medivac  
  75  7:11  Medivac  
  75  7:13  SCV  
  80  7:15  SCV  
  80  7:19  Marine x3, Supply Depot  
  84  7:22  Supply Depot  
  84  7:25  SCV  
  84  7:27  Marine  
  86  7:40  Supply Depot, Marine  
  86  7:41  SCV x2, Siege Tank  
  86  7:42  Missile Turret  
  86  7:43  Marine x2  
  94  7:48  Marine  
  94  7:51  Marine x2  
  97  7:58  Marine  
  97  8:00  Marine  
  97  8:01  Marine  
  97  8:05  Supply Depot  
  100  8:06  Marine  
  100  8:08  Marine  
  100  8:09  Marine  
  103  8:18  Marine  
  103  8:19  Marine x2  
  99  8:28  Marine x2  
  99  8:29  Siege Tank  
  99  8:32  Marine  
  103  8:36  Marine  
  103  8:39  Marine x2  
  101  8:48  Marine  
Show
View Real Time Build Order
Export as new Build Order

ShoWTimE Protoss - Winner!

Build Orders: 1 Gate Expand, Dark Templar Rush 

Get SALT Encoding   

  12  0:00  Probe  
  13  0:12  Probe  
  14  0:17  Pylon  
  14  0:24  Probe (Chrono Boost)  
  15  0:36  Probe (Chrono Boost)  
  15  0:38  Gateway  
  16  0:44  Probe (Chrono Boost)  
  16  0:47  Assimilator  
  17  0:50  Probe  
  18  1:03  Probe  
  19  1:15  Probe  
  20  1:26  Cybernetics Core  
  20  1:37  Nexus  
  20  1:40  Probe  
  21  1:48  Pylon  
  21  1:52  Probe  
  22  1:57  Assimilator  
  22  2:04  Probe  
  22  2:05  Adept (Chrono Boost)  
  24  2:10  Warp Gate (Chrono Boost)  
  24  2:17  Probe  
  25  2:25  Adept (Chrono Boost)  
  25  2:29  Probe  
  28  2:38  Twilight Council  
  28  2:42  Probe (Chrono Boost)  
  29  2:47  Stalker  
  29  2:50  Probe (Chrono Boost)  
  33  3:00  Probe x2 (Chrono Boost)  
  33  3:05  Probe (Chrono Boost)  
  34  3:06  Probe  
  34  3:10  Gateway  
  36  3:16  Shield Battery  
  36  3:23  Dark Shrine  
  36  3:28  Probe x2  
  38  3:36  Gateway  
  39  3:41  Probe x2  
  39  3:45  Pylon  
  40  3:50  Stalker  
  42  3:56  Pylon  
  42  3:58  Probe  
  42  3:59  Probe  
  44  4:06  Stalker  
  46  4:10  Probe  
  46  4:11  Probe  
  46  4:15  Shield Battery  
  48  4:23  Pylon  
  48  4:24  Stalker  
  48  4:28  Probe x2  
  52  4:35  Dark Templar x2  
  56  4:41  Robotics Facility  
  56  4:43  Assimilator  
  56  4:44  Probe  
  57  4:46  Probe  
  57  4:52  Stalker  
  59  4:56  Probe  
  59  4:58  Probe  
  61  5:08  Probe  
  61  5:10  Probe  
  61  5:11  Dark Templar  
  63  5:19  Assimilator  
  63  5:20  Probe  
  64  5:22  Probe  
  64  5:24  Stalker  
  64  5:27  Pylon  
  65  5:32  Probe  
  65  5:34  Probe  
  64  5:44  Charge (Chrono Boost), Probe  
  64  5:46  Probe  
  64  5:52  Nexus  
  64  5:57  Zealot x2, Sentry  
  66  5:59  Observer (Chrono Boost)  
  66  6:01  Forge  
  66  6:02  Probe x2  
  73  6:07  Robotics Bay  
  73  6:14  Observer (Chrono Boost), Probe x2  
  73  6:17  Pylon  
  76  6:20  Pylon  
  76  6:23  Protoss Ground Weapons Level 1 (Chrono Boost)  
  76  6:24  Gateway  
  76  6:27  Gateway  
  76  6:33  Gateway  
  76  6:41  Probe x2  
  76  6:42  Pylon  
  78  6:49  Colossus (Chrono Boost), Pylon, Extended Thermal Lance  
  78  6:54  Probe x2  
  86  7:05  Probe  
  86  7:06  Probe x2  
  86  7:07  Sentry  
  91  7:14  Zealot x2  
  95  7:20  Observer  
  95  7:21  Gateway  
  95  7:24  Gateway  
  95  7:29  Probe x3  
  98  7:33  Templar Archives  
  98  7:36  Shield Battery  
  98  7:39  Colossus (Chrono Boost)  
  104  7:48  Zealot x2  
  108  7:51  Pylon  
  108  7:52  Zealot x2  
  108  7:55  Zealot  
  108  7:57  Zealot  
  116  8:01  Pylon  
  116  8:04  Pylon  
  116  8:19  Shield Battery  
  114  8:20  Pylon  
  114  8:23  Colossus (Chrono Boost)  
  114  8:24  Zealot x3  
  114  8:26  Sentry  
  122  8:27  Zealot  
  122  8:30  Zealot  
  122  8:32  Zealot  
  128  8:36  Zealot  
  124  8:45  Zealot x2  
  124  8:46  Pylon  
  127  8:53  High Templar, Zealot x3  
  122  9:04  Zealot x2  
Tags
 
Add a new tag
Caveats
  • Supply blocks, unpowered buildings, or Contaminate may cause inaccurate times.
  • Supply counts are checked every 10 seconds.